 Dungeon Crawl Stone Soup version 0.31.0-2-g5a2aebc5c2 (webtiles) character file.

Game seed: 4534136968140195109

238 Persephone the Changeling (level 5, -5/40 HPs)
             Began as a Draconian Shapeshifter on Jan 20, 2024.
             Slain by Edmund
             ... wielding a +2 flail of protection
              (6 damage)
             ... on level 4 of the Dungeon.
             The game lasted 00:04:39 (2449 turns).

Persephone the Changeling (Draconian Shapeshifter)  Turns: 2449, Time: 00:04:40

Health: -5/40      AC:  5    Str: 17 (18) XL:     5   Next: 78%
Magic:  5/5        EV: 10    Int:  7 (10) God:
Gold:   201        SH:  8    Dex: 10 (11) Spells: 4/4 levels left

rFire   . . .        e - +3 dagger (elec)
rCold   . . .        p - +1 kite shield
rNeg    . . .        (body armour unavailable)
rPois   .            (helmet currently unavailable)
rElec   .            (cloak currently unavailable)
rCorr   .            (gloves currently unavailable)
SInv    .            (boots currently unavailable)
Will    .....        (no amulet)
Stlth   +            (no ring)
HPRegen 0.26/turn    (no ring)
MPRegen 0.09/turn

%: no passive effects
@: beast-form
A: beast (slay +3), AC +5, unfitting armour, cold-blooded
a: Begin Untransformation


You were on level 4 of the Dungeon.
You were a hulking beast.
You visited 1 branch of the dungeon, and saw 4 of its levels.

You collected 201 gold pieces.

Inventory:

Hand Weapons
 e - a +3 dagger of electrocution (weapon)
Armour
 p - a +1 kite shield (worn)
Talismans
 b - a beast talisman
 c - a flux talisman
Wands
 k - a wand of paralysis (9)
Scrolls
 f - a scroll of fog
 j - a scroll of enchant armour
 n - a scroll of teleportation {unknown}
 o - 2 scrolls of blinking {unknown}
 q - 4 scrolls of identify {unknown}
Potions
 a - a potion of lignification
 l - a potion of haste {unknown}
 m - 2 potions of mutation {unknown}


   Skills:
 + Level 1.2 Fighting
 - Level 1.7 Dodging
 + Level 0.2 Shields
 + Level 4.4 Unarmed Combat
 * Level 5.2 Shapeshifting


You had 4 spell levels left.
You didn't know any spells.
Your spell library was empty.

Dungeon Overview and Level Annotations

Branches:
Dungeon (4/15)
 Temple: D:4-7

Altars:

Annotations:
D:4 Edmund


Innate Abilities, Weirdness & Mutations

You are a hulking beast.
Your limbs bulge with bestial killing power. (Slay +3)
Your plain brown scales are hard. (AC +5)
You cannot fit into any form of body armour.
You are cold-blooded and may be slowed by cold attacks.


Message History

Edmund is heavily wounded.
An iguana comes into view.
Edmund hits you with a +2 flail of protection!
The iguana hisses angrily.
You hit Edmund but do no damage.
Edmund is heavily wounded.
Edmund hits you with a +2 flail of protection!
You hit Edmund but do no damage.
Edmund is heavily wounded.
You block Edmund's attack.
You hit Edmund but do no damage.
Edmund is heavily wounded.
Edmund hits you with a +2 flail of protection.
You hit Edmund but do no damage.
Your tail-slap misses Edmund.
Edmund is heavily wounded.
Edmund hits you with a +2 flail of protection.
A sleepcap comes into view.
Edmund closely misses you.
You hit Edmund but do no damage.
Edmund is heavily wounded.
You block Edmund's attack.
You barely miss Edmund.
Edmund is heavily wounded.
The iguana bites you!
* * * LOW HITPOINT WARNING * * *
Edmund hits you with a +2 flail of protection.
* * * LOW HITPOINT WARNING * * *
You hit Edmund but do no damage.
Edmund is heavily wounded.
The iguana bites you.
* * * LOW HITPOINT WARNING * * *
You block Edmund's attack.
It was a potion of degeneration.
There was something very wrong with that liquid.
You feel weakened.
You feel dopey.
You feel clumsy. The iguana bites you.
* * * LOW HITPOINT WARNING * * *
Edmund hits you with a +2 flail of protection.
You die...
Edmund says, "I'd like to see a scythe do that!"

# #. #.. #######
.##..##.##..##
.............#
#....$....#
#.f.@h##..##
#...l.##...#
+.....#....#
#.....#...##
#.....#...##
#..)..##...#
########...#
#..........#
##+######.........##


You could see Edmund, a sleepcap and an iguana.

Vanquished Creatures
  2 iguanas (D:4)
  Jessica (D:2)
  Natasha (thrice) (D:2)
  2 adders
  2 ribbon worms (D:3)
  4 orcs (D:3)
  3 ball pythons
  5 bats
  5 endoplasms
  2 giant cockroaches
  8 goblins
  7 hobgoblins
  10 kobolds
  7 rats
61 creatures vanquished.

Notes
Turn   | Place    | Note
-------+----------+-------------------------------------------
     0 | D:1      | Persephone the Draconian Shapeshifter began the quest for
                  | the Orb.
     0 | D:1      | Reached XP level 1. HP: 16/16 MP: 1/1
   315 | D:1      | Reached XP level 2. HP: 15/23 MP: 2/2
   677 | D:1      | Found a faded altar of an unknown god.
  1080 | D:2      | Reached XP level 3. HP: 25/28 MP: 3/3
  1121 | D:2      | Noticed Natasha
  1132 | D:2      | Killed Natasha
  1133 | D:2      | Reached skill level 4 in Shapeshifting
  1141 | D:2      | Noticed Natasha
  1146 | D:2      | Killed Natasha
  1147 | D:2      | Reached XP level 4. HP: 12/35 MP: 4/4
  1261 | D:2      | Noticed Jessica
  1265 | D:2      | Killed Jessica
  1343 | D:2      | Noticed Natasha
  1347 | D:2      | Killed Natasha
  1348 | D:2      | Reached XP level 5. HP: 29/40 MP: 5/5
  2084 | D:3      | Reached skill level 5 in Shapeshifting
  2437 | D:4      | Noticed Edmund
  2448 | D:4      | HP: 2/40 [iguana (2)]
  2449 | D:4      | Slain by Edmund

Illustrated notes

Levels and vault maps discovered:
D:1:      onia_arrival_mini_maze_b, layout_basic,
          hellmonk_ecumenical_altar_run_dry
D:2:      layout_rooms, uniq_jessica, uniq_natasha
D:3:      wander_river, layout_loops_ring
D:4:      layout_gridville, kennysheep_little_box, minmay_circle_x, uniq_edmund,
          uniq_menkaure

Skill      XL: |  1  2  3  4  5 |
---------------+----------------+-----
Shapeshifting  | 4 5 |  5.2
Unarmed Combat | 4 |  4.4
Fighting       | |  1.2
Dodging        | |  1.7
Shields        | |  0.2

Action                     |  1- 3 |  4- 6 || total
---------------------------+-------+-------++-------
  Melee: Unarmed           |    10 |       ||    10
         Dagger            |    56 |   105 ||   161
         Tailslap          |     2 |    10 ||    12
         Punch             |       |     1 ||     1
    Use: Scroll            |       |     5 ||     5
         Potion            |       |     1 ||     1
 Armour: Skin              |    33 |    48 ||    81
  Dodge: Dodged            |    36 |    42 ||    78
  Block: Kite shield       |       |    31 ||    31
